 Dungeon Sprint DCSS version 0.17-a0-2024-gc284f19 (webtiles) character file.

3640 Ordine the Ninja (level 9, -2/39 HPs)
             Began as a Spriggan Enchanter on Oct 10, 2015.
             Was a Believer of Makhleb.
             Slain by a trapdoor spider (13 damage)
             ... in the Dungeon (Sprint I: "Red Sonja").
             The game lasted 00:08:27 (1255 turns).

Ordine the Ninja (Spriggan Enchanter)               Turns: 1255, Time: 00:08:27

Health: -2/39      AC:  3    Str:  4    XL:     9   Next: 88%
Magic:  15/20      EV: 18    Int: 19    God:    Makhleb [**....]
Gold:   180        SH:  0    Dex: 17    Spells: 4 memorised, 12 levels left

rFire  . . .     SeeInvis +     a - +4 dagger
rCold  . . .     Clarity  .     b - +1 robe
rNeg   . . .     SustAt   .     (shield restricted)
rPois  .         Gourm    .     (helmet restricted)
rElec  .         Spirit   .     (no cloak)
rCorr  .         Warding  .     (gloves unavailable)
rMut   +         NoTele   +     (boots unavailable)
MR     +....                    c - amulet of resist mutation
Stlth  ++++++++++               (no ring)
                                (no ring)

@: lethally poisoned (-2 -> -21), very quick, somewhat resistant to hostile
enchantments, uncannily stealthy
A: unfitting armour, see invisible, herbivore 3, speed 3, slow metabolism 2
a: Minor Destruction, Renounce Religion


You were in the Dungeon.
You worshipped Makhleb.
Makhleb was pleased with you.
You were not hungry.

You visited 1 branch You collected 875 gold pieces.
You spent 695 gold pieces at shops.

Inventory:

Hand Weapons
 a - a +4 dagger (weapon)
 k - a +5 blowgun
Missiles
 l - 4 curare-tipped needles
Armour
 b - a +1 robe (worn)
Jewellery
 c - an amulet of resist mutation (around neck)
Wands
 i - a wand of polymorph (9)
 n - a wand of digging (12)
Scrolls
 j - a scroll of blinking
Potions
 e - 2 potions of curing
 f - a potion of heal wounds
 g - a potion of haste
 h - a potion of magic
 m - a potion of lignification {unknown}
Comestibles
 d - a bread ration


   Skills:
 + Level 9.9 Short Blades
 - Level 3.0 Dodging
 O Level 27 Stealth
 * Level 6.7 Spellcasting
 - Level 3.6 Hexes


You had 12 spell levels left.
You knew the following spells:

 Your Spells              Type           Power        Failure   Level  Hunger
a - Corona                Hex            ###....      2%          1    None
b - Ensorcelled Hibernat  Hex/Ice        ##....       10%         2    None
c - Confuse               Hex            ###.....     10%         3    ##.....
d - Dazzling Spray        Conj/Hex       ##......     14%         3    ##.....


Dungeon Overview and Level Annotations

Branches:
Dungeon (1/1)

Altars:
Cheibriados
Dithmenos
Elyvilon
Fedhas
Gozag
Kikubaaqudgha
Makhleb
Nemelex Xobeh
Okawaru
Qazlal
Ru
Sif Muna
Trog
Vehumet
Xom
Yredelemnul
Zin
The Shining One
Jiyva

Shops:
D **[


Innate Abilities, Weirdness & Mutations

You are tiny and cannot use many weapons and most armour.
You have supernaturally acute eyesight.
You are a herbivore.
You cover ground extremely quickly.
You need consume almost no food.


Message History

Drink which item? (? for menu, Esc to quit)
You feel better.
The helpless trapdoor spider fails to defend itself.
You skewer the trapdoor spider like a kebab!!!!!
You kill the trapdoor spider!
Makhleb accepts your kill.
A trapdoor spider leaps out from its hiding place under the floor!
The trapdoor spider bites you!
You see here 27 gold pieces.
Casting: Ensorcelled Hibernation
Confirm with . or Enter, or press ? or * to list all spells.
Aiming: Ensorcelled Hibernation
Press: ? - help, Shift-Dir - straight line, f - trapdoor spider
Aim: a trapdoor spider (purple smoke, chance to defeat MR: 44%)
The trapdoor spider resists with some effort.
The trapdoor spider bites you!
* * * LOW HITPOINT WARNING * * *
You are lethally poisoned!
The trapdoor spider poisons you! The trapdoor spider bites you!
You die...

#...#.####§§####
#..##)#§§§§§#§.#
##'#..'§≈§§.§..#
.'..._#≈§§§)#..#
##_.#'##§#####'###
###'#.#§.§=###.'.#
###.####'###[###$#
.'...'.....')∩##.#
##.).###########@#
###.### #s#
#.#'#.# +§#
#.....# #..(..#
#######


You could see a trapdoor spider.

Vanquished Creatures
  2 centaur warriors (D)
  Sonja (D)
  A deep troll (D)
  An oklob plant (D)
  A slime creature (D)
  A trapdoor spider (D)
  Sigmund (D)
  A yak (D)
  A wasp (D)
  An ogre (D)
  A jelly (D)
  Ijyb (D)
  A ballistomycete (D)
14 creatures vanquished.

Vanquished Creatures (others)
  2 wasps (D)
  3 giant spores (D)
5 creatures vanquished.

Grand Total: 19 creatures vanquished

Notes
Turn   | Place    | Note
--------------------------------------------------------------
     0 | D        | Ordine the Spriggan Enchanter began the quest for the Orb.
     0 | D        | Reached XP level 1. HP: 9/9 MP: 5/5
     2 | D        | Noticed Ijyb
    11 | D        | Killed Ijyb
    11 | D        | Reached skill level 10 in Stealth
    11 | D        | Reached XP level 2. HP: 13/13 MP: 6/6
    45 | D        | Learned a level 2 spell: Ensorcelled Hibernation
    45 | D        | Noticed an ogre
    70 | D        | Killed an ogre
    70 | D        | Reached skill level 14 in Stealth
    70 | D        | Reached XP level 3. HP: 16/16 MP: 1/8
    70 | D        | Reached XP level 4. HP: 21/21 MP: 1/9
   168 | D        | Noticed Sigmund
   171 | D        | Killed Sigmund
   171 | D        | Reached skill level 18 in Stealth
   171 | D        | Reached XP level 5. HP: 24/24 MP: 10/10
   171 | D        | Reached XP level 6. HP: 28/28 MP: 11/11
   176 | D        | Learned a level 3 spell: Confuse
   180 | D        | Learned a level 3 spell: Dazzling Spray
   193 | D        | Found a deep blue altar of Sif Muna.
   194 | D        | Noticed a jelly
   195 | D        | Found a radiant altar of Vehumet.
   199 | D        | Killed a jelly
   202 | D        | Found Axall's Assorted Antiques.
   202 | D        | Found a white marble altar of Elyvilon.
   202 | D        | Found a stormy altar of Qazlal.
   202 | D        | Found a burning altar of Makhleb.
   202 | D        | Found a sacrificial altar of Ru.
   202 | D        | Found a basalt altar of Yredelemnul.
   202 | D        | Found a glowing golden altar of the Shining One.
   202 | D        | Found a sparkling altar of Nemelex Xobeh.
   202 | D        | Found a shimmering altar of Xom.
   202 | D        | Found an opulent altar of Gozag.
   202 | D        | Found an ancient bone altar of Kikubaaqudgha.
   202 | D        | Found a glowing silver altar of Zin.
   202 | D        | Noticed a yak
   203 | D        | Found an iron altar of Okawaru.
   204 | D        | Killed a yak
   204 | D        | Reached skill level 20 in Stealth
   205 | D        | Found a bloodstained altar of Trog.
   208 | D        | Became a worshipper of Makhleb the Destroyer
   211 | D        | Bought a twisted emerald amulet for 130 gold pieces
   211 | D        | Bought a scroll labeled SATEGI GUTEI for 26 gold pieces
   256 | D        | Bought a scroll labeled XYDUBL XEZU for 26 gold pieces
   272 | D        | Found a snail-covered altar of Cheibriados.
   272 | D        | Found a viscous altar of Jiyva.
   272 | D        | Found a shadowy altar of Dithmenos.
   272 | D        | Found a blossoming altar of Fedhas.
   272 | D        | Noticed a slime creature
   275 | D        | Killed a slime creature
   275 | D        | Reached skill level 21 in Stealth
   275 | D        | Reached XP level 7. HP: 32/32 MP: 12/12
   286 | D        | Noticed Sonja
   290 | D        | Killed Sonja
   290 | D        | Acquired Makhleb's first power
   290 | D        | Reached skill level 24 in Stealth
   290 | D        | Reached XP level 8. HP: 36/36 MP: 13/13
   327 | D        | Found Tumaphau's General Store.
   723 | D        | Killed a wasp
   789 | D        | Killed a wasp
   913 | D        | Noticed a centaur warrior
   914 | D        | Noticed a centaur warrior
   917 | D        | Killed a centaur warrior
   917 | D        | Reached skill level 26 in Stealth
   918 | D        | Killed a centaur warrior
   918 | D        | Reached skill level 27 in Stealth
   918 | D        | Reached skill level 5 in Short Blades
   918 | D        | Reached XP level 9. HP: 39/39 MP: 14/14
   950 | D        | Noticed a deep troll
   952 | D        | Killed a deep troll
   952 | D        | Acquired Makhleb's second power
   968 | D        | Found Zacanelugu's Armour Emporium.
  1058 | D        | Bought a wand of digging (12) for 416 gold pieces
  1058 | D        | Bought a scroll of enchant weapon for 97 gold pieces
  1083 | D        | Noticed a wasp
  1086 | D        | Killed a wasp
  1097 | D        | Noticed an oklob plant
  1101 | D        | Killed an oklob plant
  1250 | D        | Noticed a trapdoor spider
  1252 | D        | Killed a trapdoor spider
  1255 | D        | Noticed a trapdoor spider
  1255 | D        | Slain by a trapdoor spider

Vault maps used:
D:        dungeon_sprint_1

Action                   |  1- 3 |  4- 6 |  7- 9 || total
-------------------------+-------+-------+-------++-------
Melee: Dagger            |     6 |     4 |    14 ||    24
       Unarmed           |     2 |       |       ||     2
 Cast: Ensorcelled Hiber |     2 |       |     2 ||     4
       Confuse           |       |       |     1 ||     1
  Use: Potion            |     2 |       |     1 ||     3
       Scroll            |       |     2 |     5 ||     7
 Stab: Sleeping          |     1 |     4 |     6 ||    11
       Confused          |       |       |     1 ||     1
